 Dungeon Crawl Stone Soup version 0.29.1-12-g30fa7ad0bf (webtiles) character file.

Game seed: 14287306355351143308

95 FexLirch the Cudgeller (level 4, -1/39 HPs)
             Began as a Naga Warper on Jan 3, 2023.
             Slain by a scorpion (4 damage)
             ... on level 4 of the Dungeon.
             The game lasted 00:06:26 (3295 turns).

FexLirch the Cudgeller (Naga Warper)                Turns: 3295, Time: 00:06:27

Health: -1/39      AC:  3    Str: 14    XL:     4   Next: 65%
Magic:  1/7        EV:  9    Int: 15    God:
Gold:   181        SH:  0    Dex: 10    Spells: 2/7 levels left

rFire   . . .      SeeInvis +   p - +3 sling
rCold   . . .      Faith    .   (no shield)
rNeg    . . .      Spirit   .   b - +0 leather armour
rPois   +          Reflect  .   (no helmet)
rElec   .          Harm     .   v - +0 cloak
rCorr   .          Rampage  .   (no gloves)
Will    .....                   (no barding)
Stlth   +.........              (no amulet)
HPRegen 0.13/turn               (no ring)
MPRegen 0.10/turn               (no ring)

@: very slightly contaminated, very slow
A: AC +1, large, see invisible, deformed body, poison resistance, slowness 2,
spit poison 1, naga tail 1
a: Spit Poison


You were on level 4 of the Dungeon.
You visited 1 branch of the dungeon, and saw 4 of its levels.

You collected 181 gold pieces.

Inventory:

Hand Weapons
 a - a +0 mace
 k - a +0 war axe
 p - a +3 sling (weapon)
 q - a +1 mace of holy wrath
Missiles
 d - 7 boomerangs of dispersal
 i - 12 stones
 y - 4 boomerangs
Armour
 b - a +0 leather armour (worn)
 g - a +0 barding of cold resistance
 v - a +0 cloak (worn)
Jewellery
 f - a ring of fire
Scrolls
 c - a scroll of blinking
 e - 3 scrolls of identify
 j - a scroll of torment {unknown}
 r - a scroll of immolation {unknown}
 t - a scroll of magic mapping {unknown}
 w - 3 scrolls of amnesia
Potions
 h - a potion of degeneration {unknown}
 l - 2 potions of curing
 m - a potion of mutation {unknown}
 o - a potion of brilliance {unknown}
 s - 2 potions of invisibility
 u - a potion of might {unknown}
 x - a potion of flight {unknown}
 z - a potion of lignification {unknown}


   Skills:
 - Level 2.0 Fighting
 + Level 4.7 Maces & Flails
 - Level 0.8 Throwing
 - Level 0.7 Armour
 - Level 1.5 Dodging
 - Level 2.0 Spellcasting
 - Level 3.0 Translocations


You had 2 spell levels left.
You knew the following spells:

 Your Spells              Type           Power      Damage    Failure   Level
a - Blink                 Tloc           20%        N/A       12%         2
b - Teleport Other        Tloc           10%        N/A       24%         3

Your spell library contained the following spells:

 Spells                   Type           Power      Damage    Failure   Level
 Foxfire                  Conj/Fire      4%         2x1d4     28%         1
 Gell's Gravitas          Tloc           10%        N/A       24%         3
 Lesser Beckoning         Tloc           10%        N/A       24%         3
 Conjure Flame            Conj/Fire      1%         6-21      63%         3
 Inner Flame              Hex/Fire       1%         N/A       63%         3
 Manifold Assault         Tloc           10%        N/A       92%         5
 Cause Fear               Hex            0%         N/A       95%         4
 Flame Wave               Conj/Fire      1%         2d4       95%         4
 Discord                  Hex            0%         N/A       100%        8


Dungeon Overview and Level Annotations

Branches:
Dungeon (4/15)
 Temple: D:4-7

Altars:

Shops:
D:1 :   D:2 (


Innate Abilities, Weirdness & Mutations

Your serpentine skin is tough. (AC +1)
You have supernaturally acute eyesight. (SInv)
Armour fits poorly on your strangely shaped body.
Your system is resistant to poisons. (rPois)
You cover ground very slowly.
You can spit poison.
You have a snake-like lower body.


Message History

The scorpion completely misses you.
Casting: Blink (safe; 12% risk of failure)
Confirm with . or Enter, or press ? or * to list all spells.
Aiming: Teleport Other (quite dangerous; 24% risk of failure)
Press: ? - help, Shift-Dir - straight line, f/p - scorpion
Aim: a scorpion (chance to affect: 49%)
The scorpion resists with some effort.
The scorpion closely misses you. The scorpion barely misses you.
Casting: Teleport Other (quite dangerous; 24% risk of failure)
Confirm with . or Enter, or press ? or * to list all spells.
Aiming: Teleport Other (quite dangerous; 24% risk of failure)
Press: ? - help, Shift-Dir - straight line, f/p - scorpion
Aim: a scorpion (chance to affect: 49%)
You miscast Teleport Other.
You are very lightly contaminated with residual magic.
Nothing appears to happen.
The scorpion barely misses you.
Casting: Teleport Other (quite dangerous; 24% risk of failure)
Confirm with . or Enter, or press ? or * to list all spells.
Okay, then.
Unknown command.
As you read the scroll labelled IMIAGOU KYCIH, it crumbles to dust.
It is a scroll of identify.
w - 3 scrolls of amnesia The scorpion closely misses you.
The gnoll hits you from afar with a +0 halberd!
As you read the scroll labelled FECYGI VOLIN, it crumbles to dust.
You hear a loud clanging noise!
It was a scroll of noise.
You hear a shout!
The scorpion barely misses you. The gnoll barely misses you.
This is a scroll of acquirement!
Something appears before you!
You have got your breath back.
The scorpion stings you. The gnoll closely misses you.
g - a +0 barding of cold resistance The scorpion stings you.
The gnoll hits you from afar with a +0 halberd!
* * * LOW HITPOINT WARNING * * *
The scorpion stings you.
You die...

.## #..# #....##
.#####..# #..##.#
.....<.# ##.#####
.......# #..#
###....# ##.## #
#....# #####..#
.....# #......##
...##......###..##
## ...## ##..#
##@.# #.# ..# #..
##s###.# #g...# .
##.g.# .# ##..<.#
.# ...### # ...##
s.#.. ..##..


You could see a scorpion and 2 gnolls.

Vanquished Creatures
  A gnoll (D:3)
  An adder (D:3)
  3 worms (D:3)
  A dart slug (D:3)
  An orc (D:3)
  3 ball pythons
  2 endoplasms
  7 giant cockroaches
  7 goblins
  11 hobgoblins
  2 jackals (D:2)
  A kobold (D:3)
  4 quokkas
  6 bats
  3 frilled lizards
  2 rats
55 creatures vanquished.

Notes
Turn   | Place    | Note
-------+----------+-------------------------------------------
     0 | D:1      | FexLirch the Naga Warper began the quest for the Orb.
     0 | D:1      | Reached XP level 1. HP: 19/19 MP: 3/3
   355 | D:1      | Reached XP level 2. HP: 18/26 MP: 5/5
   674 | D:1      | Reached skill level 3 in Maces & Flails
   678 | D:1      | Learned a level 2 spell: Blink
  1007 | D:1      | Reached XP level 3. HP: 32/32 MP: 6/6
  1025 | D:1      | Found Ehetzia's Book Boutique.
  1354 | D:2      | Found Hujosapi's Weapon Shop.
  1437 | D:2      | Found a faded altar of an unknown god.
  1766 | D:3      | Reached skill level 4 in Maces & Flails
  1917 | D:3      | Reached XP level 4. HP: 27/39 MP: 7/7
  3230 | D:4      | Learned a level 3 spell: Teleport Other
  3283 | D:4      | Noticed a scorpion
  3294 | D:4      | Identified a scroll of acquirement
  3294 | D:4      | Acquired a +0 barding of cold resistance
  3295 | D:4      | Slain by a scorpion

Illustrated notes

Levels and vault maps discovered:
D:1:      nicolae_arrival_memento_mori, layout_rooms, serial_shops,
          nicolae_shop_waterfront, chequers_serial_rivers_micro_e
D:2:      layout_basic, chequers_ecumenical_altar_simple, serial_shops,
          nicolae_shop_stone
D:3:      layout_rooms, minmay_between
D:4:      layout_layer_cave, mainiacjoe_overflow_catwalk, bh_walls_and_bars,
          uniq_sigmund

Skill      XL: |  1  2  3 |
---------------+----------+-----
Maces & Flails | 3 4 |  4.7
Fighting       | |  2.0
Throwing       | |  0.8
Armour         | |  0.7
Dodging        | |  1.5
Spellcasting   | |  2.0
Translocations | |  3.0

Action                   |  1- 3 |  4- 6 || total
-------------------------+-------+-------++-------
Melee: Mace              |    87 |    69 ||   156
       Punch             |       |     1 ||     1
 Fire: Sling             |    27 |     1 ||    28
 Cast: Teleport Other    |       |     1 ||     1
 Abil: Spit Poison       |       |     1 ||     1
  Use: Scroll            |       |     3 ||     3
       Potion            |       |     3 ||     3
Armor: Leather armour    |    26 |    19 ||    45
Dodge: Dodged            |    52 |    37 ||    89
